Cogmind - Beta 13 X3 @@@ ROGUE MODE // 2024.02.15 @ 12:41:25 Player: H3-RMN Result: Destroyed by G-50 Soldier with Heavy Laser Performance ------------- Evolutions (3) 1500 Regions Visited (14) 2800 Robots Destroyed (83) 415 Value Destroyed (2365) 2365 Prototype IDs (54) 1080 Alien Tech Used (0) 0 Bonus (509) 509 TOTAL SCORE: 8669 Bonus ------- Follower Combat Kills 219 Met Data Miner 300 Friendly Fire -10 Cogmind --------- Core Integrity 0/700 Matter 300/300 Energy 73/100 System Corruption 26% Temperature Cool (18) Movement Core (100) Ox1 Location -6/Proximity Caves Parts ------- > --- POWER (1) -------- (None) > --- PROPULSION (3) --- (None) > --- UTILITY (7) ------ Advanced Heat Sink Melee Analysis Suite > --- WEAPON (2) ------- Makeshift Hammer Scythe (fused) > --- INVENTORY (5) ---- Medium Treads Cargo Storage Unit Improved Assault Rifle Heavy Missile Launcher Peak State ------------ > --- POWER ------------ Cooled Deuterium Engine > --- PROPULSION ------- Light Treads Light Treads Wheel > --- UTILITY ---------- Improved Heat Sink High-capacity Storage Unit Makeshift Terrain Scanner Weapon Cycler Weapon Cycler Medium Armor Plating Hardened Light Armor Plating > --- WEAPON ----------- Precision Shock Rifle Improved Assault Rifle > --- INVENTORY -------- Light Treads Light Treads Compact Wheel Armored Wheel High-capacity Storage Unit Experimental Sensor Array Melee Analysis Suite Hardened Light Armor Plating Hardened Light Armor Plating Field Laser Improved Assault Rifle Improved Assault Rifle EMP Blaster Rocket Launcher Plasma Cutter Mace Katana Deploy-a-Sentry Deploy-a-Sentry Deploy-a-Sentry [Rating: 45] Favorites ----------- Power Makeshift Power Source Engine Makeshift Power Source Power Core Light Nuclear Core Propulsion Light Treads Treads Light Treads Leg Carbon-fiber Leg Wheel Wheel Flight Unit VTOL Module Utility Hardened Light Armor Plating Device Makeshift Terrain Scanner Storage High-capacity Storage Unit Processor Melee Analysis Suite Hackware System Shield Protection Hardened Light Armor Plating Weapon Improved Assault Rifle Energy Gun Spread Laser Energy Cannon Ion Burst Cannon Ballistic Gun Improved Assault Rifle Launcher Grenade Launcher Special Weapon Plasma Cutter Impact Weapon Makeshift Hammer Slashing Weapon Scythe Special Melee Weapon Datajack Build | -11 -10 -10 -9 -9 -9 -8 -8 -7 -7 -7 -7 -7 -7 -6 ------- Run | Yrd Mat Min Mat Min Exi Min Mat Fac Was Fac Low Low Dat Pro Slots Evolved 6 | . . . 2 . . . 2 2 . . . . . . Power . | . . . . . . . . . . . . . . . Propulsion 1 | . . . . . . . 1 . . . . . . . Utility 5 | . . . 2 . . . 1 2 . . . . . . Weapon . | . . . . . . . . . . . . . . . Parts Attached 107 | 6 5 12 16 4 4 2 5 19 5 6 9 5 . 9 Power 9 | 1 . 1 1 . 1 . . 2 . . 1 . . 2 Engine 6 | 1 . . 1 . 1 . . 2 . . 1 . . . Core 3 | . . 1 . . . . . . . . . . . 2 Reactor . | . . . . . . . . . . . . . . . Propulsion 25 | 2 . 4 4 1 . . 1 4 1 1 1 3 . 3 Treads 13 | 1 . 1 3 1 . . 1 3 1 1 . 1 . . Leg 1 | . . . . . . . . . . . . 1 . . Wheel 6 | 1 . 3 1 . . . . 1 . . . . . . Hover . | . . . . . . . . . . . . . . . Flight 5 | . . . . . . . . . . . 1 1 . 3 Utility 29 | 1 1 1 8 1 1 . 1 8 1 3 2 . . 1 Device 11 | . 1 . 3 . 1 . 1 4 . . . . . 1 Storage 6 | 1 . . 1 1 . . . . . 1 2 . . . Processor 3 | . . . . . . . . 1 1 1 . . . . Hackware 1 | . . . . . . . . . . 1 . . . . Protection 8 | . . 1 4 . . . . 3 . . . . . . Artifact . | . . . . . . . . . . . . . . . Weapon 44 | 2 4 6 3 2 2 2 3 5 3 2 5 2 . 3 Energy Gun 15 | 1 2 3 1 . 1 . 2 3 . 1 1 . . . Energy Cannon 2 | . . . . . . . . . 1 . 1 . . . Ballistic Gun 13 | 1 1 . 2 1 . 1 . 2 . . 2 1 . 2 Ballistic Cannon . | . . . . . . . . . . . . . . . Launcher 9 | . 1 3 . 1 . 1 . . 2 . 1 . . . Special Weapon 1 | . . . . . 1 . . . . . . . . . Impact Weapon 1 | . . . . . . . . . . . . . . 1 Slashing Weapon 2 | . . . . . . . . . . 1 . 1 . . Piercing Weapon . | . . . . . . . . . . . . . . . Special Melee Weapon 1 | . . . . . . . 1 . . . . . . . Unidentified Prototypes 6 | . . . 3 . . . . 2 1 . . . . . Corrupted Parts 2 | . . . . . . . . 1 1 . . . . . System Corruption 8 | . . . . . . . . 3 5 . . . . . Parts Lost 24 | . . 2 2 . . . . 6 4 . 4 . . 6 Power 3 | . . . 1 . . . . . . . 1 . . 1 Propulsion 7 | . . 1 . . . . . 2 . . 1 . . 3 Utility 10 | . . 1 1 . . . . 3 3 . . . . 2 Weapon 4 | . . . . . . . . 1 1 . 2 . . . Highest Loss Streak 6 | . . 1 1 . . . . 2 4 . 4 . . 6 To Critical Strikes . | . . . . . . . . . . . . . . . Average Slot Usage (%) 90 | . 94 99 91 100 99 100 100 96 59 35 44 49 53 63 Engine 8 | . 14 12 8 11 11 11 9 7 4 . 1 . . . Treads 10 | . 14 14 11 11 11 11 18 14 7 3 5 4 7 2 Wheel 9 | . 14 13 11 11 11 11 9 7 4 . . . . . Flight 1 | . . . . . . . . . . . . 7 7 17 Device 11 | . 9 7 11 11 11 11 18 29 18 . . . . . Storage 9 | . 14 14 11 11 11 11 9 7 4 . . . . . Processor 2 | . . . . . . . . . 5 14 15 15 15 15 Hackware 1 | . . . . . . . . . . 5 7 7 7 7 Protection 14 | . . 6 13 22 22 22 18 12 3 . . . . . Energy Gun 7 | . 17 20 14 11 2 11 8 6 4 3 5 . . . Ballistic Gun 7 | . 9 . 7 10 11 11 9 7 2 . 1 . . 4 Special Weapon 2 | . . . . . 8 . . . . . . . . . Naked Turns 22 | . . . . . . . . . 22 . . . . . Heaviest Build 74 | 13 17 23 52 62 63 63 64 74 66 6 15 4 2 10 Greatest Support 20 | 20 20 20 20 10 10 10 10 12 12 20 20 4 4 12 Greatest Overweight (x) 7 | . . 2 5 6 6 6 6 7 5 . 3 . . . Average Overweight (x) 3 | . . 1 3 4 5 6 6 6 1 . . . . . Largest Inventory Capacity 30 | 8 8 8 15 20 20 20 20 20 20 25 30 5 5 5 Average Capacity 15 | 7 8 8 13 17 20 20 20 20 14 5 6 5 5 5 Most Carried 20 | 6 8 8 15 17 20 20 20 20 19 5 5 5 5 5 Average Carried 14 | 3 7 7 12 15 19 20 19 19 13 4 4 5 5 4 Final Capacity 20 | 8 8 8 15 20 20 20 20 20 5 5 5 5 5 5 Final Carried 20 | 6 8 8 15 17 20 20 20 18 5 5 5 5 5 5 Class Distribution -------------------- 73% | Mutant 23% | Scavenger-Mutant 3% | Scavenger-Sprinter Dominant Class ---------------- Mutant | -10/Materials Mutant | -10/Mines Mutant | -9/Materials Scavenger-Mutant | -9/Mines Mutant | -9/Exiles Mutant | -8/Mines Mutant | -8/Materials Mutant | -7/Factory Mutant | -7/Waste Scavenger-Mutant | -7/Factory Scavenger-Mutant | -7/Lower Caves Scavenger-Mutant | -7/Lower Caves Scavenger-Mutant | -7/Data Miner Scavenger-Sprinter | -6/Proximity Caves Resources | -11 -10 -10 -9 -9 -9 -8 -8 -7 -7 -7 -7 -7 -7 -6 ----------- Run | Yrd Mat Min Mat Min Exi Min Mat Fac Was Fac Low Low Dat Pro Matter Collected 1904 | 219 117 198 324 75 30 63 53 296 . 20 201 177 . 131 Remotely . | . . . . . . . . . . . . . . . Salvage Created 3062 | . 163 36 1006 183 84 4 . 915 . 75 226 229 . 141 Parts 160 | . 13 12 58 11 2 3 . 26 . 3 14 7 . 11 Haulers Intercepted 4 | . . . 3 . . . . 1 . . . . . . Recyclers Shooed 1 | . . . 1 . . . . . . . . . . . Parts Field Recycled . | . . . . . . . . . . . . . . . Retrieved Matter . | . . . . . . . . . . . . . . . Parts Self-Destructed 23 | . . . . . . . . . . . 10 4 . 9 Prevented . | . . . . . . . . . . . . . . . Kills | -11 -10 -10 -9 -9 -9 -8 -8 -7 -7 -7 -7 -7 -7 -6 ------- Run | Yrd Mat Min Mat Min Exi Min Mat Fac Was Fac Low Low Dat Pro Combat Hostiles Destroyed 71 | . 7 11 18 6 . 2 . 12 . 1 7 1 . 6 Melee 8 | . . . . . . . . . . 1 . 1 . 6 Guns 42 | . 2 3 18 5 . . . 12 . . 2 . . . Cannons 2 | . . . . . . . . . . . 2 . . . AOE 19 | . 5 8 . 1 . 2 . . . . 3 . . . Classes Destroyed 16 | . 5 2 5 1 . . . 2 . . . 1 . . Worker 1 | . . . 1 . . . . . . . . . . . Builder 2 | . 1 . 1 . . . . . . . . . . . Tunneler 2 | . 1 . 1 . . . . . . . . . . . Hauler 4 | . . . 3 . . . . 1 . . . . . . Recycler 5 | . . . 2 . . . . 3 . . . . . . Watcher 2 | . 1 . 1 . . . . . . . . . . . Swarmer 27 | . 3 6 3 2 . 2 . 1 . . 3 1 . 6 Grunt 26 | . 4 . 8 3 . . . 8 . . 3 . . . Brawler 1 | . . . 1 . . . . . . . . . . . Duelist 1 | . . . . 1 . . . . . . . . . . Sentry 8 | . . . 6 . . . . . . 1 1 . . . Demolisher 1 | . . 1 . . . . . . . . . . . . Hunter 2 | . . . . . . . . 2 . . . . . . Programmer 1 | . . . . . . . . 1 . . . . . . Samaritan 2 | . . . . . . . . . . . . 2 . . Assembled 4 | . . 4 . . . . . . . . . . . . Best Kill Streak 10 | . 10 3 7 2 . 2 . 5 . 1 4 1 . 2 Combat Bots Only 7 | . 7 3 6 2 . 2 . 5 . 1 4 1 . 2 Max Kills in Single Turn 3 | . 3 2 1 1 . 1 . 1 . 1 2 1 . 1 Gunslinging . | . . . . . . . . . . . . . . . Exploded 2 | . 2 2 . 1 . 1 . . . . 2 . . . Melee 1 | . . . . . . . . . . 1 . 1 . 1 Uniques/NPCs Destroyed . | . . . . . . . . . . . . . . . Combat | -11 -10 -10 -9 -9 -9 -8 -8 -7 -7 -7 -7 -7 -7 -6 -------- Run | Yrd Mat Min Mat Min Exi Min Mat Fac Was Fac Low Low Dat Pro Hostile Shots Fired 347 | . 17 22 80 12 . 8 1 74 3 27 51 4 . 48 Missed 101 | . 6 4 26 3 . 2 1 14 . 15 11 2 . 17 Damage Taken 3974 | . 95 424 806 92 . 87 . 987 218 95 563 28 . 579 Core 837 | . . 34 68 16 . 14 . 65 107 75 239 . . 219 Absorbed by Shields . | . . . . . . . . . . . . . . . Core Remaining (%) 90 | 100 . 86 . . . 75 100 . . . . . . . Volleys Fired 254 | . 9 18 66 9 61 3 1 66 6 . 15 . . . Largest 2 | . 2 2 2 2 1 1 2 2 1 . 1 . . . Hottest 130 | . 60 130 130 79 20 33 86 88 33 . 100 . . . Shots Fired 367 | . 12 20 123 17 61 3 2 111 4 . 14 . . . Gun 277 | . 6 13 123 16 . . 2 111 . . 6 . . . Cannon 6 | . . . . . . . . . . . 6 . . . Launcher 23 | . 6 7 . 1 . 3 . . 4 . 2 . . . Special 61 | . . . . . 61 . . . . . . . . . Kinetic 129 | . 3 . 51 8 . . 1 63 . . 3 . . . Thermal 176 | . . 13 72 8 61 . 1 12 . . 9 . . . Explosive 23 | . 6 7 . 1 . 3 . . 4 . 2 . . . Electromagnetic 39 | . 3 . . . . . . 36 . . . . . . Robot Hit Streak 10 | . 5 7 10 9 6 . . 10 3 . 4 . . . Robot Miss Streak 8 | . 1 8 7 1 2 3 5 6 1 . 3 . . . Penetration Max . | . . . . . . . . . . . . . . . Secondary Targets 8 | . 1 . 2 2 . . . 3 . . . . . . Max Gunslinging Chain 1 | . 1 . 1 1 . . . 1 . . . . . . Shots Hit Robots 285 | . 7 17 104 14 17 . 1 82 3 4 11 8 . 17 Core Hits 202 | . 14 27 80 9 8 3 . 33 2 2 12 5 . 7 Critical Kills 1 | . . . . . . . . . . . 1 . . . Critical Parts Destroyed . | . . . . . . . . . . . . . . . Critical Strikes 7 | . . . 3 . . . . 1 . 1 1 1 . . Burn 3 | . . . 3 . . . . . . . . . . . Destroy 1 | . . . . . . . . . . . 1 . . . Corrupt 1 | . . . . . . . . 1 . . . . . . Sever 2 | . . . . . . . . . . 1 . 1 . . Melee Attacks 49 | . . . . . . . 1 . . 4 1 11 . 32 Impact 2 | . . . . . . . . . . . . . . 2 Slashing 46 | . . . . . . . . . . 4 1 11 . 30 Piercing . | . . . . . . . . . . . . . . . Sneak Attacks 5 | . . . . . . . 1 . . . . 4 . . Combat Hostiles . | . . . . . . . . . . . . . . . Follow-up Attacks . | . . . . . . . . . . . . . . . Damage Inflicted 6992 | . 534 561 1634 266 192 159 . 1578 448 131 483 463 . 543 Guns 3577 | . 48 151 1634 225 . . . 1450 . . 69 . . . Cannons 169 | . . . . . . . . . . . 169 . . . Explosions 1906 | . 477 410 . 41 . 159 . 126 448 . 245 . . . Melee 1137 | . . . . . . . . . . 131 . 463 . 543 Ramming 11 | . 9 . . . . . . 2 . . . . . . Kinetic 1481 | . 24 . 634 123 . . . 674 . . 26 . . . Thermal 1913 | . . 151 1000 102 192 . . 256 . . 212 . . . Explosive 1780 | . 477 410 . 41 . 159 . . 448 . 245 . . . Electromagnetic 670 | . 24 . . . . . . 646 . . . . . . Impact . | . . . . . . . . . . . . . . . Slashing 1137 | . . . . . . . . . . 131 . 463 . 543 Piercing . | . . . . . . . . . . . . . . . Highest Corruption 26 | . . . . . . . . 4 18 18 18 18 18 26 Average Corruption 15 | . . . . . . . . 3 11 18 18 18 18 18 Corruption Purged . | . . . . . . . . . . . . . . . Corruption Blocked . | . . . . . . . . . . . . . . . Effects 73 | . . . . . . . . 8 4 6 20 11 1 23 Message Errors 19 | . . . . . . . . 1 . 3 3 4 . 8 Matter Fused 13 | . . . . . . . . 1 1 . 5 1 . 5 Heat Flow Errors 7 | . . . . . . . . 3 . . 1 3 . . Energy Discharges 11 | . . . . . . . . 2 . 2 2 . 1 4 Parts Rejected 2 | . . . . . . . . . . . 1 1 . . Parts Fused 1 | . . . . . . . . . . . . 1 . . Data Loss (minor) 7 | . . . . . . . . 1 1 1 2 1 . 1 Data Loss (major) 4 | . . . . . . . . . . . 3 . . 1 Alerts 2 | . . . . . . . . . . . 2 . . . Misdirections 4 | . . . . . . . . . . . . . . 4 Weapon Failures 3 | . . . . . . . . . 2 . 1 . . . Overload Shots . | . . . . . . . . . . . . . . . Overflow Damage 125 | . 27 . . . . 8 . . . . 1 72 . 17 Projectiles . | . . . . . . . . . . . . . . . Explosions 36 | . 27 . . . . 8 . . . . 1 . . . Melee 89 | . . . . . . . . . . . . 72 . 17 Knockbacks . | . . . . . . . . . . . . . . . Impact . | . . . . . . . . . . . . . . . Kinetic . | . . . . . . . . . . . . . . . Secondary . | . . . . . . . . . . . . . . . Self-Inflicted Damage 260 | . . 22 . . . 44 . 29 77 . 88 . . . Shots 7 | . . 1 . . . 1 . 1 2 . 2 . . . Rammed 2 | . 1 . . . . . . 1 . . . . . . Targets Rammed 2 | . 1 . . . . . . 1 . . . . . . Kicked . | . . . . . . . . . . . . . . . Crushed . | . . . . . . . . . . . . . . . Highest Temperature 324 | . 32 120 324 6 . 36 3 259 . . 298 133 . . Average Temperature 88 | . 17 33 96 4 . 19 2 86 . . 135 65 . . Received Heat Transfer 1217 | . 18 20 318 33 . . . 441 . 30 222 . . 135 Effects 5 | . . . 5 . . . . . . . . . . . Energy Bleed 1 | . . . 1 . . . . . . . . . . . Interference 4 | . . . 4 . . . . . . . . . . . Siege Activations . | . . . . . . . . . . . . . . . Robots Corrupted . | . . . . . . . . . . . . . . . Combat Hostiles . | . . . . . . . . . . . . . . . Parts Fried 3 | . . . . . . . . 3 . . . . . . Impact Corruptions . | . . . . . . . . . . . . . . . Robots Melted . | . . . . . . . . . . . . . . . Combat Hostiles . | . . . . . . . . . . . . . . . Parts Melted 1 | . . . 1 . . . . . . . . . . . Heat Transferred 3514 | . . 185 1682 222 629 . . 496 . . 300 . . . Parts Sabotaged . | . . . . . . . . . . . . . . . Parts Stolen . | . . . . . . . . . . . . . . . Parts Stripped . | . . . . . . . . . . . . . . . Power Chain Reactions 2 | . . . . . . . . 2 . . . . . . Alert | -11 -10 -10 -9 -9 -9 -8 -8 -7 -7 -7 -7 -7 -7 -6 ------- Run | Yrd Mat Min Mat Min Exi Min Mat Fac Was Fac Low Low Dat Pro Peak Influence 332 | . 229 332 305 193 . 104 111 286 91 106 . . . . Initial 88 | . . 88 51 80 . . . 38 79 46 . . . . Average 121 | . 163 190 172 116 . 8 47 97 72 86 . . . . Maximum Alert Level 1 | . 1 1 1 . . . . 1 . . . . . . Low Security (%) 86 | 100 28 79 83 100 . 100 100 85 100 100 . . . . Level 1 13 | . 71 20 16 . . . . 14 . . . . . . Level 2 . | . . . . . . . . . . . . . . . Level 3 . | . . . . . . . . . . . . . . . Level 4 . | . . . . . . . . . . . . . . . Level 5 . | . . . . . . . . . . . . . . . High Security . | . . . . . . . . . . . . . . . Max Security . | . . . . . . . . . . . . . . . Squads Dispatched 11 | . . . 3 . . . 1 7 . . . . . . Investigation 3 | . . . 2 . . . . 1 . . . . . . Extermination 1 | . . . . . . . . 1 . . . . . . Reinforcement 4 | . . . 1 . . . 1 2 . . . . . . Assault . | . . . . . . . . . . . . . . . Garrison 3 | . . . . . . . . 3 . . . . . . Intercept . | . . . . . . . . . . . . . . . Searches Triggered . | . . . . . . . . . . . . . . . Construction Impeded 1 | . . . . . . . . 1 . . . . . . Haulers Reinforced . | . . . . . . . . . . . . . . . Active Scanning Responses . | . . . . . . . . . . . . . . . Cargo Convoy Interrupts . | . . . . . . . . . . . . . . . Stealth | -11 -10 -10 -9 -9 -9 -8 -8 -7 -7 -7 -7 -7 -7 -6 --------- Run | Yrd Mat Min Mat Min Exi Min Mat Fac Was Fac Low Low Dat Pro Distress Signals 7 | . 1 . 4 . . . 1 1 . . . . . . Communications Jammed . | . . . . . . . . . . . . . . . Distress Signals . | . . . . . . . . . . . . . . . Times Spotted 124 | . 10 12 35 7 . 3 9 17 6 1 7 3 . 14 Peak Tracking Total 7 | . 7 3 5 3 . 3 3 4 6 2 4 1 . 5 Tactical Retreats 6 | . . . . . . . 1 1 . . . 3 . 1 Traps | -11 -10 -10 -9 -9 -9 -8 -8 -7 -7 -7 -7 -7 -7 -6 ------- Run | Yrd Mat Min Mat Min Exi Min Mat Fac Was Fac Low Low Dat Pro Traps Triggered 3 | . . . 1 . . . . 2 . . . . . . Indirectly . | . . . . . . . . . . . . . . . Trap Hack Attempts . | . . . . . . . . . . . . . . . Triggered . | . . . . . . . . . . . . . . . Disarmed . | . . . . . . . . . . . . . . . Reprogrammed . | . . . . . . . . . . . . . . . Reused . | . . . . . . . . . . . . . . . Traps Extracted . | . . . . . . . . . . . . . . . Installed . | . . . . . . . . . . . . . . . Triggered . | . . . . . . . . . . . . . . . Machines | -11 -10 -10 -9 -9 -9 -8 -8 -7 -7 -7 -7 -7 -7 -6 ---------- Run | Yrd Mat Min Mat Min Exi Min Mat Fac Was Fac Low Low Dat Pro Machines Disabled 7 | . 1 2 1 . . . . 3 . . . . . . Max in Single Turn 2 | . 1 1 . . . . . 2 . . . . . . Machines Repaired . | . . . . . . . . . . . . . . . Machines Dismantled . | . . . . . . . . . . . . . . . Machines Sabotaged . | . . . . . . . . . . . . . . . Overloaded Fab Kills . | . . . . . . . . . . . . . . . Hacking | -11 -10 -10 -9 -9 -9 -8 -8 -7 -7 -7 -7 -7 -7 -6 --------- Run | Yrd Mat Min Mat Min Exi Min Mat Fac Was Fac Low Low Dat Pro Machines Accessed 28 | . . 1 14 . 5 . 2 1 . . 1 . 4 . Terminals 10 | . . . 9 . . . 1 . . . . . . . Fabricators 1 | . . . . . . . . 1 . . . . . . Repair Stations 1 | . . . 1 . . . . . . . . . . . Recycling Units 2 | . . . 2 . . . . . . . . . . . Scanalyzers 3 | . . . 2 . . . 1 . . . . . . . Garrison Access . | . . . . . . . . . . . . . . . Total Hacks 143 | . . 1 52 . 50 . 7 3 . . 1 . 29 . Successful 114 | . . 1 28 . 50 . 3 2 . . 1 . 29 . Failed 29 | . . . 24 . . . 4 1 . . . . . . Catastrophic 3 | . . . 3 . . . . . . . . . . . Database Lockouts . | . . . . . . . . . . . . . . . Manual 21 | . . . 12 . 8 . 1 . . . . . . . Terminals 34 | . . . 31 . . . 3 . . . . . . . Fabricators 3 | . . . . . . . . 3 . . . . . . Repair Stations 2 | . . . 2 . . . . . . . . . . . Recycling Units 5 | . . . 5 . . . . . . . . . . . Scanalyzers 18 | . . . 14 . . . 4 . . . . . . . Garrison Access . | . . . . . . . . . . . . . . . Terminal Hacks 90 | . . 1 9 . 50 . . . . . 1 . 29 . Record 61 | . . . . . 49 . . . . . 1 . 11 . Part Schematic 12 | . . . 1 . . . . . . . . . 11 . Robot Schematic 4 | . . . . . . . . . . . . . 4 . Robot Analysis 2 | . . . 2 . . . . . . . . . . . Prototype ID Bank 7 | . . . 4 . . . . . . . . . 3 . Open Door 1 | . . 1 . . . . . . . . . . . . Locate Traps 2 | . . . 2 . . . . . . . . . . . Derelict Proto ID Bank 1 | . . . . . 1 . . . . . . . . . Fabricator Hacks 2 | . . . . . . . . 2 . . . . . . Load Schematic 1 | . . . . . . . . 1 . . . . . . Build 1 | . . . . . . . . 1 . . . . . . Repair Station Hacks 1 | . . . 1 . . . . . . . . . . . Scan Component 1 | . . . 1 . . . . . . . . . . . Recycling Unit Hacks 3 | . . . 3 . . . . . . . . . . . Report Inventory 2 | . . . 2 . . . . . . . . . . . Retrieve Components 1 | . . . 1 . . . . . . . . . . . Scanalyzer 15 | . . . 12 . . . 3 . . . . . . . Insert Component 6 | . . . 4 . . . 2 . . . . . . . Analyze 9 | . . . 8 . . . 1 . . . . . . . Garrison Access Hacks . | . . . . . . . . . . . . . . . Unauthorized Hacks 3 | . . . 3 . . . . . . . . . . . Terminals 2 | . . . 2 . . . . . . . . . . . Botnet 2 | . . . 2 . . . . . . . . . . . Fabricators . | . . . . . . . . . . . . . . . Repair Stations . | . . . . . . . . . . . . . . . Recycling Units 1 | . . . 1 . . . . . . . . . . . Mask 1 | . . . 1 . . . . . . . . . . . Scanalyzers . | . . . . . . . . . . . . . . . Garrison Access . | . . . . . . . . . . . . . . . Data Cores Recovered 1 | . . . . . . . 1 . . . . . . . Used . | . . . . . . . . . . . . . . . Hacking Detections 15 | . . . 12 . . . 2 1 . . . . . . Full Trace Events 4 | . . . 3 . . . . 1 . . . . . . Feedback Events . | . . . . . . . . . . . . . . . Feedback Blocked . | . . . . . . . . . . . . . . . Robot Schematics Acquired 4 | . . . . . . . . . . . . . 4 . Robots Built . | . . . . . . . . . . . . . . . Authchips . | . . . . . . . . . . . . . . . Time . | . . . . . . . . . . . . . . . Total Robot Build Rating . | . . . . . . . . . . . . . . . Part Schematics Acquired 17 | . . . 5 . . . 1 . . . . . 11 . Parts Built 1 | . . . . . . . . 1 . . . . . . Authchips . | . . . . . . . . . . . . . . . Time 51 | . . . . . . . . 51 . . . . . . Total Part Build Rating 1 | . . . . . . . . 1 . . . . . . Parts Repaired . | . . . . . . . . . . . . . . . Time . | . . . . . . . . . . . . . . . Parts Recycled . | . . . . . . . . . . . . . . . Recycled Matter . | . . . . . . . . . . . . . . . Retrieved Matter . | . . . . . . . . . . . . . . . Retrieved Components 9 | . . . 9 . . . . . . . . . . . Parts Scanalyzed 6 | . . . 4 . . . 2 . . . . . . . Part Schematics Acquired 5 | . . . 4 . . . 1 . . . . . . . Parts Damaged 2 | . . . . . . . 2 . . . . . . . Bothacking | -11 -10 -10 -9 -9 -9 -8 -8 -7 -7 -7 -7 -7 -7 -6 ------------ Run | Yrd Mat Min Mat Min Exi Min Mat Fac Was Fac Low Low Dat Pro Used RIF Installer . | . . . . . . . . . . . . . . . Robots Hacked 1 | . . . . . . . 1 . . . . . . . Non-combat . | . . . . . . . . . . . . . . . Combat 1 | . . . . . . . 1 . . . . . . . Robot Hacks Applied 1 | . . . . . . . 1 . . . . . . . parse_system 1 | . . . . . . . 1 . . . . . . . Relay Couplers Released . | . . . . . . . . . . . . . . . Fabnet Peak Effective % . | . . . . . . . . . . . . . . . Robots Rewired 2 | . . . . . 2 . . . . . . . . . Allies Hacked . | . . . . . . . . . . . . . . . Hacks Repelled . | . . . . . . . . . . . . . . . Allies | -11 -10 -10 -9 -9 -9 -8 -8 -7 -7 -7 -7 -7 -7 -6 -------- Run | Yrd Mat Min Mat Min Exi Min Mat Fac Was Fac Low Low Dat Pro Total Allies 4 | . . 1 . . 2 . . . . . . . . 1 Largest Group 2 | . . 1 1 . 2 2 2 . . . . . . 1 Highest-Rated Group 96 | . . 31 31 . 29 29 29 . . . . . . 96 Highest-Rated Ally 96 | . . 31 31 . 21 21 21 . . . . . . 96 Total Orders 1 | . . . 1 . . . . . . . . . . . EXPLORE 1 | . . . 1 . . . . . . . . . . . Ally Attacks 44 | . . 1 9 . . 1 14 . . . . . . 19 Total Damage 680 | . . 22 104 . . 21 169 . . . . . . 364 Kills 10 | . . 1 2 . . 1 2 . . . . . . 4 Allies Corrupted . | . . . . . . . . . . . . . . . Allies Melted . | . . . . . . . . . . . . . . . Intel | -11 -10 -10 -9 -9 -9 -8 -8 -7 -7 -7 -7 -7 -7 -6 ------- Run | Yrd Mat Min Mat Min Exi Min Mat Fac Was Fac Low Low Dat Pro Robot Analysis Total 2 | . . . 2 . . . . . . . . . . . Derelict Logs Recovered 7 | . . 2 . 2 . . . . . . 1 . . 2 Drone Launches 4 | . . . 4 . . . . . . . . . . . Drone Recoveries . | . . . . . . . . . . . . . . . Exploration | -11 -10 -10 -9 -9 -9 -8 -8 -7 -7 -7 -7 -7 -7 -6 ------------- Run | Yrd Mat Min Mat Min Exi Min Mat Fac Was Fac Low Low Dat Pro Turns Passed 9320 | 116 290 533 1521 703 2874 430 382 1050 84 127 490 241 54 425 Spaces Moved 5117 | 59 157 446 854 427 958 198 213 490 81 94 409 292 84 355 Core 222 | 4 . . . . . . . . 58 56 104 . . . Treads 562 | 54 157 26 78 . . . . . . 38 209 . . . Legs . | . . . . . . . . . . . . . . . Wheels 3506 | 1 . 420 776 427 958 198 213 490 23 . . . . . Hover . | . . . . . . . . . . . . . . . Flight 827 | . . . . . . . . . . . 96 292 84 355 Fastest Speed 29 | 50 160 95 125 140 155 170 170 155 50 50 35 35 65 29 Average Speed 132 | 151 160 105 144 154 168 170 170 174 82 94 104 49 65 33 Slowest Speed 320 | 160 160 160 320 170 170 170 170 185 165 160 200 65 65 65 Overloaded Moves . | . . . . . . . . . . . . . . . Propulsion Burnouts . | . . . . . . . . . . . . . . . Robots Hopped . | . . . . . . . . . . . . . . . Cave-ins Triggered . | . . . . . . . . . . . . . . . Exploration Rate (%) 49 | 4 32 91 81 70 93 46 22 13 81 3 53 47 70 35 Regions Visited 14 Branch Regions 8 Pre-discovered Areas 6 | . . 1 . 1 1 . . . . . 1 . 1 1 Known Exits Taken 5 | . . . . . . . 1 . . 1 1 1 1 . Unknown Exits Taken 7 | 1 1 1 1 1 1 1 . . . . . . . . Scrap Searched 9 | . . 1 . 3 . 3 . . . . 1 1 . . Spaces Dug 20 | . . 8 . . . . . . . . 12 . . . Terrain Destroyed 177 | . 40 50 . 14 . 31 . . 18 . 24 . . . Melee . | . . . . . . . . . . . . . . . Projectile . | . . . . . . . . . . . . . . . AOE 177 | . 40 50 . 14 . 31 . . 18 . 24 . . . Terrain Rammed . | . . . . . . . . . . . . . . . Walls Destroyed . | . . . . . . . . . . . . . . . Machines Disabled . | . . . . . . . . . . . . . . . Actions | -11 -10 -10 -9 -9 -9 -8 -8 -7 -7 -7 -7 -7 -7 -6 --------- Run | Yrd Mat Min Mat Min Exi Min Mat Fac Was Fac Low Low Dat Pro Total 7213 | 83 185 485 1028 455 2099 288 230 624 94 125 448 370 83 616 Wait 1538 | 13 . 3 59 6 1034 86 6 32 . 18 6 60 . 215 Move 5104 | 58 156 445 853 426 957 197 212 490 80 93 408 291 83 355 Hop . | . . . . . . . . . . . . . . . Pick Up 70 | 6 7 3 17 6 9 . 3 8 2 2 5 1 . 1 Fast Attach 42 | 6 3 . 3 . 2 . . 9 2 5 3 4 . 5 Attach 21 | . . 2 3 . . . 2 7 2 1 4 . . . Detach 2 | . . . . . 1 . . . 1 . . . . . Swap 44 | . 2 10 10 4 2 2 3 3 1 . 2 1 . 4 Drop 64 | . 7 4 17 4 8 . 2 8 . 2 4 2 . 6 Fire 254 | . 9 18 66 9 61 3 1 66 6 . 15 . . . Melee 47 | . . . . . . . 1 . . 4 1 11 . 30 Ram 1 | . . . . . . . . 1 . . . . . . Kick . | . . . . . . . . . . . . . . . Crush 1 | . 1 . . . . . . . . . . . . . Escape Stasis . | . . . . . . . . . . . . . . . Rewire 24 | . . . . . 24 . . . . . . . . . Trap . | . . . . . . . . . . . . . . . Miscellaneous 1 | . . . . . 1 . . . . . . . . . Route ------- -11/Scrapyard -10/Materials -10/Mines (discovered 2 exits: *Mat x2) -9/Materials (discovered 2 exits: *Mat / [*Min]) -9/Mines (discovered 2 exits: *Mat / *Exi) -9/Exiles (discovered 2 exits: [*Min x2]) -8/Mines -8/Materials (discovered 2 exits: *Fac x2) -7/Factory -7/Waste -7/Factory -7/Lower Caves -7/Lower Caves -7/Data Miner -6/Proximity Caves History --------- Turn | Location | Event 2 | -11/Scrapyard | Met Revision 17 21 | -11/Scrapyard | Discovered new exit (range 16) 117 | -11/Scrapyard | Entered Materials 170 | -10/Materials | Discovered new exit (range 16) 221 | -10/Materials | Destroyed 7 combat bots 330 | -10/Materials | Build established: Mutant 407 | -10/Materials | Entered Mines 430 | -10/Mines | Assembled infested the area 524 | -10/Mines | Learned Materials terminal intel 525 | -10/Mines | Escorted by a lone wolf Derelict 575 | -10/Mines | Discovered new exit (range 15) 593 | -10/Mines | Found the Drone Emporium 599 | -10/Mines | Found Prototype Device 712 | -10/Mines | Received a Rocket Launcher from a helpful Derelict 780 | -10/Mines | Learned location of Zion (-6) 920 | -10/Mines | Discovered new exit (range 10) 940 | -10/Mines | Entered Materials 940 | -9/Materials | Accompanied by 1 ally 940 | -9/Materials | Evolved 2 slots: Utility x2 940 | -9/Materials | Identified Decoy Drone Bay 941 | -9/Materials | Loaded intel: 12 terminal locations 957 | -9/Materials | Discovered new exit (range 49) 2063 | -9/Materials | Discovered new exit (range 79) 2359 | -9/Materials | Build established: Scavenger-Mutant 2461 | -9/Materials | Entered Mines 2482 | -9/Mines | Learned 2 Materials zone layouts 2670 | -9/Mines | Found a damaged Exp. Sensor Array with a note attached 2675 | -9/Mines | Found Prototype Device 2950 | -9/Mines | Discovered new exit (range 3) 3007 | -9/Mines | A weapon hastily lodged in a ceiling crevice suddenly fell to the ground 3155 | -9/Mines | Deemed a non-threat by the Exiles lab entrance 3157 | -9/Mines | Discovered new exit (range 5) 3164 | -9/Mines | Entered Exiles 3164 | -9/Exiles | Found Exiles lab destroyed 3187 | -9/Exiles | Discovered new exit (range 15) 3732 | -9/Exiles | Build established: Mutant 5438 | -9/Exiles | Opened EX-Vault 5454 | -9/Exiles | Found Deploy-a-Sentry 5457 | -9/Exiles | Found Deploy-a-Sentry 5460 | -9/Exiles | Found Deploy-a-Sentry 5710 | -9/Exiles | Discovered new exit (range 14) 6038 | -9/Exiles | Entered Mines 6038 | -8/Mines | Accompanied by 2 allies 6458 | -8/Mines | Discovered new exit (range 7) 6468 | -8/Mines | Entered Materials 6468 | -8/Materials | Accompanied by 2 allies 6468 | -8/Materials | Evolved 2 slots: Propulsion x1, Utility x1 6469 | -8/Materials | Identified exit to Factory 6527 | -8/Materials | Met 7R-MNS 6527 | -8/Materials | Identified Exp. Sensor Array 6835 | -8/Materials | Discovered exit to Factory (range 10) 6850 | -8/Materials | Entered Factory 6850 | -7/Factory | Evolved 2 slots: Utility x2 6851 | -7/Factory | Caught up to 7R-MNS 7054 | -7/Factory | Discovered new exit (range 15) 7213 | -7/Factory | Fabricated Cargo Storage Unit? 7581 | -7/Factory | Garrison activated, responded to threat 7900 | -7/Factory | Sucked down chute 7900 | -7/Factory | Entered Waste 7915 | -7/Waste | EMP discharged 7915 | -7/Waste | System corruption reached 10% 7934 | -7/Waste | Spotted C-40 Crusher 7935 | -7/Waste | Spotted C-40 Crusher 7945 | -7/Waste | Crushed by Compactor (1 part destroyed, 2 dropped) 7948 | -7/Waste | Crushed by Compactor (1 part destroyed, 1 dropped) 7951 | -7/Waste | Crushed by Compactor (1 part destroyed, 2 dropped) 7952 | -7/Waste | Released all parts (6) 7957 | -7/Waste | Spotted C-40 Crusher 7961 | -7/Waste | Spotted C-40 Crusher 7968 | -7/Waste | Spotted C-40 Crusher 7973 | -7/Waste | Discovered new exit (range 15) 7973 | -7/Waste | Spotted C-40 Crusher 7982 | -7/Waste | Lost 4 parts (3u1w) 7984 | -7/Waste | Entered Factory 8002 | -7/Factory | Discovered new exit (range 16) 8110 | -7/Factory | Identified exit to Lower Caves 8111 | -7/Factory | Entered Lower Caves 8339 | -7/Lower Caves | Build established: Scavenger-Mutant 8456 | -7/Lower Caves | Attracted the attention of an 0b10 checkpoint 8478 | -7/Lower Caves | Core integrity fell below 50% 8508 | -7/Lower Caves | Lost 4 parts (1p1n2w) 8600 | -7/Lower Caves | Discovered new exit (range 4) 8600 | -7/Lower Caves | Identified exit to Lower Caves 8601 | -7/Lower Caves | Entered another Lower Caves area 8720 | -7/Lower Caves | Discovered new exit (range 10) 8734 | -7/Lower Caves | Identified exit to Data Miner 8842 | -7/Lower Caves | Entered Data Miner 8842 | -7/Data Miner | Discovered new exit (range 6) 8846 | -7/Data Miner | Identified exit to Proximity Caves 8855 | -7/Data Miner | Met Data Miner 8869 | -7/Data Miner | Learned location of Section 7 (-2) 8869 | -7/Data Miner | Acquired the access code to Warlord's prototype stash 8878 | -7/Data Miner | Received God Mode back door access code from Data Miner 8896 | -7/Data Miner | Entered Proximity Caves 9015 | -6/Proximity Caves | Escorted by Enhanced Grunt 9157 | -6/Proximity Caves | Core integrity fell below 20% 9178 | -6/Proximity Caves | Learned 4 Factory zone layouts 9178 | -6/Proximity Caves | Learned location of Extension (-4) 9321 | -6/Proximity Caves | Destroyed by G-50 Soldier with Heavy Laser Last Messages --------------- 09269_ S-27 Virus destroyed. 09274_ Lgt. Nuclear Core destroyed. 09278_ Lgt. Nuclear Core fries itself beyond repair. 09278_ Acquired Adv. Heat Sink. 09279_ VTOL Module fries itself beyond repair. 09279_ Acquired 10 matter. 09280_ Lgt. Nuclear Core fries itself beyond repair. 09284_ System corrupted: Energy discharge (-34). 09287_ Autogun fries itself beyond repair. 09301_ VTOL Module destroyed. 09313_ Critical hit (Burn: +37). 09320_ Imp. Signal Interpreter destroyed. 09320_ System Shield destroyed. 09320_ VTOL Module destroyed. 09320_ System corrupted by crushing effect (+2). 09320_ System corrupted by crushing effect (+4). 09320_ System corrupted by crushing effect (+2). 09320_ Knocked back. Map ----- +----------------------------------------------------+ | ##???# #????### #??????????????????????? | | ??# #??????## ##??????????????????????? | | ## ##??????######???????????????????????? | | ##??????????????????????????????????? | | #??????????????????????????????????? | | ###### #???##?????????????????????????????? | | ???????# #?## ##????????????????????????????? | | ?????????# ### #????????????????????????????? | | ??????????# #????????????????????????????? | | ??????????# ##????????????????????????????? | | ??????????## ##?????????????????????????????? | | ???????????# ###??????????????????????????????? | | ???????????# ###??????????????? ???????????????? | | ???????????# #????????????????? ???????????????? | | ???????????# #####???????????? ???????????????? | | ???????????# ## ##??????????? #???????????????? | | ???????????# # # #??????????? #???????????????? | | ???????????# # #???##?????? ##??????????????? | | ???????????## #??### #????? ##?????????????? | | ????????????## ##??# ????# #?????????????? | | ?????????????## ##??? #### #?????????????? | | ??????????????## ##??? #??????????????? | | ???????????????# #???? #??????????????? | | ??????????????## ##?????# #??????????????? | | ?????????###### ######## #???????????????? | | ????????# ## @ ! #????????????????? | | ????????# # g=!] #????????????????? | | ????????# ##### gb####% !##????????????????? | | ????????# ?????#### # #### %##?????????????????? | | ?????????????????# ### # %#??????????????????? | | ???????????????? ??## ###"% #??????????????????? | | ??????????????? ???###?# % ???????????????? | | ??????????????## ?????? ???????????? | | ???????????????###?????? ???????? | | ??????????????????????? ### ### # #??????? | | ????????????????????? ??? #??? ##??##???????? | | ???????????????????? ???? #????##????????????? | | ???????????????????# ???? #??????????????????? | | ???????????????????#????? ??????????????????? | | ????????????????????????## # ??????????????????? | | ?????????????????????????# ?##??????????????????? | | ?????????????????????????# ?????????????????????? | | ????????????????????????? ?????????????????????? | | ????????????????????????? ?????????????????????? | | ????????????????????????? ?????????????????????? | | ?????????????????????????? ?????????????????????? | | ?????????????????????????????????????????????????? | | ?????????????????????????????????????????????????? | | ?????????????????????????????????????????????????? | | ?????????????????????????????????????????????????? | +----------------------------------------------------+ Best States ------------- Heat Dissipation 53 Energy Generation 18 Energy Capacity 310 Matter Stores 300 Matter Capacity 300 Sight Range 16 Terrain Scan Range 18 Terrain Scan Density 10 Armor Coverage 525 Weapon Cycling 30 Evasion (%) 64 Melee Accuracy 5 Recoil Reduction 2 Defensive Hacking 10 Item Schematics ----------------- Med. Armor Plating | -9/Materials | Scanalyzed Cargo Storage Unit | -9/Materials | Hacked Imp. Assault Rifle | -9/Materials | Scanalyzed EMP Blaster | -9/Materials | Scanalyzed Hrd. Light Armor Plating | -9/Materials | Scanalyzed Adv. Targeting Computer | -8/Materials | Scanalyzed Combat Drone Bay | -7/Data Miner | Free Lgt. Regenerative Plating | -7/Data Miner | Free Cld. Cesium-ion Thruster | -7/Data Miner | Free Gravity Neutralizer | -7/Data Miner | Free Imp. Lightning Gun | -7/Data Miner | Free Linear Gravjet | -7/Data Miner | Free Imp. Thermal Shield | -7/Data Miner | Free Lrn. Proton Cannon | -7/Data Miner | Free Fusion Compressor | -7/Data Miner | Free Adv. Drone Bay | -7/Data Miner | Free HERF Cannon | -7/Data Miner | Free Robot Schematics ------------------ G-50 Soldier | -7/Data Miner | Free W-25 Informer | -7/Data Miner | Free L-41 Fighter | -7/Data Miner | Free B-60 Warrior | -7/Data Miner | Free Fabricated ------------ Cargo Storage Unit | x1 | -7/Factory Alien Tech Used ----------------- None Achievements -------------- None Challenges ------------ None Game ------ Seed SalvageStormSword Manual? 0 Play Time 01:34:33 Cumulative 548.7 hours Start 2024.02.13 @ 20:52:40 End 2024.02.15 @ 12:41:25 Sessions 7 Manual Loads 0 Difficulty Rogue Special Mode None Game No. 213 Rogue 192 Adventurer 3 Explorer 18 Win Type - Total 13 Types 8/2/1/1/0/1/0/0/0 Lore% 85 Gallery% 94 Achievement% 82 Wizard Run 0 Options --------- Layout 1 ASCII 0 Keyboard 0 Movement Numpad Keybinds 0 Fullscreen 0 Font 20/SmallcapsGlow Map View 50x35 Zoom Use 0% Tactical HUD 1 Map Filters NONE Filters NONE Steam 1 RUN: 2e942b4c-806c-4c42-8800-10481a1e4dbb